Little Stars vs Mustangs
(R1)
Created - October 29, 2017 at 00:23
Goals
|
| Little Stars |
0 |
2 |
3 |
5 |
| Mustangs |
0 |
3 |
1 |
4 |
|
Shots
|
| Little Stars |
10 |
15 |
16 |
41 |
| Mustangs |
13 |
18 |
9 |
40 |
|
1st period
No Goal
Penalties :
Cameron Gaunce (Ham) for Holding (Minor) at 3:08, Joshua Leivo (Ham) for Hooking (Minor) at 8:02, Jesse Joensuu (Tex) for Hooking (Minor) at 15:34
2nd period
1. Mustangs , Riley Sheahan 9 (Cameron Gaunce 4, Josh Jooris 7) at 0:06
2. Mustangs , Jim O'Brien 3 (Marcus Foligno 4) at 4:39
3. Little Stars , Alex Chiasson 5 (Shawn Matthias 6, Brian Flynn 12) at 5:48
4. Little Stars , Phil Oreskovic 1 (Shawn Matthias 7, Brian Flynn 13) at 8:09 (PP)
5. Mustangs , Eric Wellwood 4 (Riley Sheahan 9, Derek Joslin 4) at 9:41 (PP)
Penalties :
Jesse Joensuu (Tex) for Hooking (Minor) at 0:41, Scott Mayfield (Ham) for Hooking (Minor) at 7:42, Andrej Sustr (Tex) for Roughing (Double Minor) at 9:13, Mathieu Perreault (Tex) for Holding (Minor) at 12:38, Niklas Hjalmarsson (Tex) for Hooking (Minor) at 16:51
3rd period
6. Little Stars , Alex Chiasson 6 (Brian Flynn 14, Phil Oreskovic 7) at 1:19
7. Little Stars , Niklas Hjalmarsson 2 (Jesper Fast 3, Mathieu Perreault 5) at 1:57
8. Mustangs , Andrew Shaw 3 (Jim O'Brien 3, Marcus Foligno 5) at 8:43
9. Little Stars , Nail Yakupov 1 (Yannick Weber 4, Robert Klinkhammer 1) at 14:14
Penalties :
Yannick Weber (Tex) for Holding (Minor) at 15:27
Goalie Stats
Jhonas Enroth (Tex), 36 saves from 40 shots - (0.900), W, 5-2-0, 60:00 minutes
Peter Mannino (Ham), 36 saves from 41 shots - (0.878), L, 3-3-1, 59:34 minutes
Players Stats for Little Stars
Player Name G A P +/- PIM S H SB GA TA FO MP PP MP PK MP
------------------------------------------------------------------------------------
Alex Chiasson 2 0 2 0 0 5 3 0 2 3 3/8 24:31 2:14 6:22
Alexander Vasyunov 0 0 0 1 0 2 1 0 0 0 0/0 11:54 0:00 2:14
Andrej Sustr 0 0 0 1 4 2 1 1 0 0 0/0 20:17 1:34 3:42
Brian Flynn 0 3 3 0 0 3 0 1 0 0 16/31 21:37 2:14 3:46
Dana Tyrell 0 0 0 -1 0 2 1 1 0 1 9/11 13:40 2:07 0:00
Daniel O'regan 0 0 0 1 0 0 1 0 0 0 0/0 5:37 0:00 0:00
Hugh Jessiman 0 0 0 -1 0 4 1 1 0 0 0/1 17:38 2:07 3:46
Jesper Fast 0 1 1 1 0 0 2 0 1 0 0/0 9:55 0:04 0:00
Jesse Joensuu 0 0 0 -1 4 1 3 0 0 0 0/0 13:44 2:07 0:00
Mathieu Perreault 0 1 1 1 2 5 0 0 0 1 6/7 10:06 0:04 0:00
Nail Yakupov 1 0 1 1 0 2 0 0 0 0 0/0 8:16 0:04 2:14
Niklas Hjalmarsson 1 0 1 1 2 1 3 0 0 1 0/0 25:52 2:51 5:58
Phil Oreskovic 1 1 2 1 0 4 2 0 4 1 0/0 27:43 2:51 7:18
Robert Klinkhammer 0 1 1 1 0 1 0 0 0 1 0/0 5:37 0:00 0:00
Scott Harrington 0 0 0 -1 0 0 1 1 0 0 0/0 14:46 0:00 3:10
Shawn Matthias 0 2 2 0 0 7 1 0 2 0 0/2 24:31 2:14 6:22
Tyson Barrie 0 0 0 -1 0 0 1 0 1 0 0/0 11:38 0:00 1:20
Yannick Weber 0 1 1 1 2 2 2 3 1 0 0/0 20:10 1:34 3:16
Players Stats for Mustangs
Player Name G A P +/- PIM S H SB GA TA FO MP PP MP PK MP
------------------------------------------------------------------------------------
Alexei Marchenko 0 0 0 -4 0 1 1 1 0 3 0/0 25:48 4:15 2:51
Andreas Athanasiou 0 0 0 -1 0 2 0 0 0 0 2/8 12:17 0:00 0:22
Andrew Shaw 1 0 1 0 0 2 0 2 0 0 0/0 16:43 5:17 0:00
Cameron Gaunce 0 1 1 1 2 3 0 2 0 0 0/0 7:18 1:15 0:38
Curtis Hamilton 0 0 0 -1 0 0 0 0 0 0 0/0 6:15 0:00 0:00
Denis Bodrov 0 0 0 2 0 4 3 2 3 1 0/0 27:28 8:02 2:08
Derek Joslin 0 1 1 -3 0 3 3 1 2 3 0/0 25:15 7:15 2:17
Eric Wellwood 1 0 1 1 0 7 1 1 0 0 1/2 22:58 7:00 2:38
Francis Paré 0 0 0 -1 0 2 1 0 0 0 0/0 6:34 0:04 0:00
Jerome Samson 0 0 0 -1 0 1 2 0 0 0 0/0 12:15 0:10 0:00
Jim O'Brien 1 1 2 0 0 2 1 1 0 1 4/11 18:11 5:18 1:25
Josh Jooris 0 1 1 1 0 0 5 0 2 1 2/5 20:14 6:55 0:00
Joshua Leivo 0 0 0 -1 2 4 1 0 0 1 1/1 12:20 0:04 0:07
Marcus Foligno 0 2 2 0 0 1 1 0 0 1 0/1 18:34 5:18 1:40
Mark Pysyk 0 0 0 1 0 2 1 2 1 0 0/0 17:30 0:00 0:00
Rick Schofield 0 0 0 -1 0 1 2 0 0 0 1/2 6:15 0:00 0:00
Riley Sheahan 1 1 2 1 0 5 3 1 0 0 15/30 22:58 7:00 2:38
Scott Mayfield 0 0 0 1 2 0 3 0 0 0 0/0 16:39 3:57 0:56
3 Stars
1 - Alex Chiasson (Tex)
2 - Riley Sheahan (Ham)
3 - Phil Oreskovic (Tex)
Power Play
Little Stars - 1 on 3 Attempt(s) - 33.33%
Mustangs - 1 on 7 Attempt(s) - 14.29%
Penalty Kill
Little Stars - 6 on 7 Attempt(s) - 85.71%
- Score 0 goal in Penalty Kill
Mustangs - 2 on 3 Attempt(s) - 66.67%
- Score 0 goal in Penalty Kill
Team Stat
Little Stars - Hits : 23 - Faceoff Wins : 34 - Blocked Shots : 8 - Penalty Minutes : 14
Mustangs - Hits : 28 - Faceoff Wins : 26 - Blocked Shots : 13 - Penalty Minutes : 6
Official
Referees : StLaurent Francois and Charron Francis
Linesman : Michel Cormier and Bryan Pancich
Game Notes
Cameron Gaunce is injured at 0:10 of 2nd period (Fractured Orbital Bone)
Finance
Level 1 -- Attendance: 1502 (75.10%) -- Ticket Income $60,080
Level 2 -- Attendance: 680 (68.00%) -- Ticket Income $13,600
Total Attendance: 2182 (72.73%)
Total Ticket Income: $73,680
Other Income: $3,684
Total Income: $77,364
Little Stars
5 vs 5 Forward
Center Left Wing Right Wing Time % Phy DF OF
1 Brian Flynn Shawn Matthias Alex Chiasson 40 1 2 2
2 Dana Tyrell Jesse Joensuu Hugh Jessiman 30 1 2 2
3 Mathieu Perreault Alexander Vasyunov Jesper Fast 20 1 2 2
4 Daniel O'regan Robert Klinkhammer Nail Yakupov 10 1 2 2
5 vs 5 Defense
Defense Defense Time % Phy DF OF
1 Niklas Hjalmarsson Phil Oreskovic 40 1 2 2
2 Andrej Sustr Yannick Weber 30 1 2 2
3 Tyson Barrie Scott Harrington 20 1 2 2
4 Niklas Hjalmarsson Phil Oreskovic 10 1 2 2
PowerPlay Forward
Center Left Wing Right Wing Time % Phy DF OF
1 Brian Flynn Shawn Matthias Alex Chiasson 60 1 2 2
2 Dana Tyrell Jesse Joensuu Hugh Jessiman 40 1 2 2
PowerPlay Defense
Defense Defense Time % Phy DF OF
1 Niklas Hjalmarsson Phil Oreskovic 60 1 2 2
2 Andrej Sustr Yannick Weber 40 1 2 2
Penalty Kill 4 Players Forward
Center Wing Time % Phy DF OF
1 Alex Chiasson Shawn Matthias 60 1 2 2
2 Hugh Jessiman Brian Flynn 40 1 2 2
Penalty Kill 4 Players Defense
Defense Defense Time % Phy DF OF
1 Niklas Hjalmarsson Phil Oreskovic 60 1 2 2
2 Andrej Sustr Yannick Weber 40 1 2 2
Penalty Kill - 3 Players Forward
Forward Time % Phy DF OF
1 Alex Chiasson 60 1 2 2
2 Shawn Matthias 40 1 2 2
Penalty Kill - 3 Players Defense
Defense Defense Time % Phy DF OF
1 Niklas Hjalmarsson Phil Oreskovic 60 1 2 2
2 Andrej Sustr Yannick Weber 40 1 2 2
4 vs 4 Forward
Center Wing Time % Phy DF OF
1 Alex Chiasson Shawn Matthias 60 1 2 2
2 Hugh Jessiman Brian Flynn 40 1 2 2
4 vs 4 Defense
Defense Defense Time % Phy DF OF
1 Niklas Hjalmarsson Phil Oreskovic 60 1 2 2
2 Andrej Sustr Yannick Weber 40 1 2 2
Last Minutes Offensive
Center Left Wing Right Wing Defense Defense
Brian Flynn Shawn Matthias Alex Chiasson Niklas Hjalmarsson Phil Oreskovic
Last Minutes Defensive
Center Left Wing Right Wing Defense Defense
Brian Flynn Shawn Matthias Alex Chiasson Niklas Hjalmarsson Phil Oreskovic
Goaltenders
Starting : Jhonas Enroth
Backup : Peter Delmas
Extra Forwards
Normal : Mathieu Perreault, Jesper Fast, Nail Yakupov - PP : Mathieu Perreault, Jesper Fast - PK : Nail Yakupov
Extra Defensemen
Normal : Tyson Barrie, Scott Harrington, Andrej Sustr - PP : Tyson Barrie - PK : Scott Harrington, Andrej Sustr
Penalty Shots
Alex Chiasson, Shawn Matthias, Hugh Jessiman, Brian Flynn, Dana Tyrell
Scratches
Michael Mersch (Healthy), Reece Willcox (Healthy), Ville Pokka (Healthy), Tyler Wotherspoon (Healthy), Alexander Khokhlachev (Healthy)
Anthony Camara (Healthy), Daniel Catenacci (Healthy), Duncan Siemens (Healthy), Dillon Simpson (Healthy), Scott Kosmachuck (Healthy)
Laurent Brossoit (Healthy), Anthony Stolarz (Healthy)
Mustangs
5 vs 5 Forward
Center Left Wing Right Wing Time % Phy DF OF
1 Riley Sheahan Eric Wellwood Josh Jooris 40 1 2 2
2 Jim O'Brien Marcus Foligno Andrew Shaw 30 1 2 2
3 Andreas Athanasiou Joshua Leivo Jerome Samson 20 1 2 2
4 Rick Schofield Curtis Hamilton Francis Paré 10 1 2 2
5 vs 5 Defense
Defense Defense Time % Phy DF OF
1 Cameron Gaunce Denis Bodrov 40 1 2 2
2 Alexei Marchenko Derek Joslin 30 1 2 2
3 Mark Pysyk Scott Mayfield 20 1 2 2
4 Cameron Gaunce Denis Bodrov 10 1 2 2
PowerPlay Forward
Center Left Wing Right Wing Time % Phy DF OF
1 Riley Sheahan Eric Wellwood Josh Jooris 60 1 2 2
2 Jim O'Brien Marcus Foligno Andrew Shaw 40 1 2 2
PowerPlay Defense
Defense Defense Time % Phy DF OF
1 Cameron Gaunce Denis Bodrov 60 1 2 2
2 Alexei Marchenko Derek Joslin 40 1 2 2
Penalty Kill 4 Players Forward
Center Wing Time % Phy DF OF
1 Riley Sheahan Eric Wellwood 60 1 2 2
2 Jim O'Brien Marcus Foligno 40 1 2 2
Penalty Kill 4 Players Defense
Defense Defense Time % Phy DF OF
1 Cameron Gaunce Denis Bodrov 60 1 2 2
2 Alexei Marchenko Derek Joslin 40 1 2 2
Penalty Kill - 3 Players Forward
Forward Time % Phy DF OF
1 Riley Sheahan 60 1 2 2
2 Jim O'Brien 40 1 2 2
Penalty Kill - 3 Players Defense
Defense Defense Time % Phy DF OF
1 Cameron Gaunce Denis Bodrov 60 1 2 2
2 Alexei Marchenko Derek Joslin 40 1 2 2
4 vs 4 Forward
Center Wing Time % Phy DF OF
1 Riley Sheahan Eric Wellwood 60 1 2 2
2 Jim O'Brien Josh Jooris 40 1 2 2
4 vs 4 Defense
Defense Defense Time % Phy DF OF
1 Cameron Gaunce Denis Bodrov 60 1 2 2
2 Alexei Marchenko Derek Joslin 40 1 2 2
Last Minutes Offensive
Center Left Wing Right Wing Defense Defense
Riley Sheahan Eric Wellwood Josh Jooris Cameron Gaunce Denis Bodrov
Last Minutes Defensive
Center Left Wing Right Wing Defense Defense
Riley Sheahan Eric Wellwood Josh Jooris Alexei Marchenko Derek Joslin
Goaltenders
Starting : Peter Mannino
Backup : Chet Pickard
Extra Forwards
Normal : Riley Sheahan, Andrew Shaw, Jerome Samson - PP : Jerome Samson, Andrew Shaw - PK : Eric Wellwood
Extra Defensemen
Normal : Denis Bodrov, Alexei Marchenko, Mark Pysyk - PP : Denis Bodrov - PK : Alexei Marchenko, Derek Joslin
Penalty Shots
Andreas Athanasiou, Rick Schofield, Eric Wellwood, Marcus Foligno, Josh Jooris
Scratches
Roman Horak (Healthy), Brady Skjei (Strained Back Injury), Dominik Uher (Healthy), Joe Finley (Healthy), Eric Knodel (Healthy)
Matthew Finn (Healthy), Danny Biega (Healthy), Raphael Bussieres (Healthy), Sam Kurker (Healthy), Max Gortz (Healthy)
Riley Nash (Healthy), Cameron Gaunce (Fractured Orbital Bone Injury), Justin Peters (Healthy), Joacim Eriksson (Healthy)
% Time on Ice - Little Stars
Lines # - Real PCT - Wanted PCT - Time Play
Normal Forward
1 - 36% - 40% - 15:03
2 - 28% - 30% - 11:45
3 - 23% - 20% - 9:35
4 - 13% - 10% - 5:37
Normal Defense
1 - 39% - 40% - 16:33
2 - 37% - 30% - 15:21
3 - 24% - 20% - 10:03
4 - 0% - 10% - 0:03
PP Forward
1 - 52% - 60% - 2:18
2 - 48% - 40% - 2:07
PP Defense
1 - 65% - 60% - 2:51
2 - 35% - 40% - 1:34
PK Forward
1 - 70% - 60% - 8:36
2 - 30% - 40% - 3:46
PK Defense
1 - 63% - 60% - 7:44
2 - 37% - 40% - 4:38
PK3 Forward
1 - 0% - 60%
2 - 0% - 40%
PK3 Defense
1 - 0% - 60%
2 - 0% - 40%
44 Forward
1 - 0% - 60%
2 - 0% - 40%
44 Defense
1 - 0% - 60%
2 - 0% - 40%
Last Minute Offensive - 0:00
Last Minute Defensive - 1:13
Total
Forward - 60:00
Defense - 60:00
|
% Time on Ice - Mustangs
Lines # - Real PCT - Wanted PCT - Time Play
Normal Forward
1 - 31% - 40% - 13:21
2 - 27% - 30% - 11:28
3 - 27% - 20% - 11:36
4 - 15% - 10% - 6:15
Normal Defense
1 - 46% - 40% - 19:39
2 - 28% - 30% - 12:02
3 - 23% - 20% - 9:46
4 - 3% - 10% - 1:13
PP Forward
1 - 57% - 60% - 7:04
2 - 43% - 40% - 5:18
PP Defense
1 - 90% - 60% - 11:05
2 - 10% - 40% - 1:17
PK Forward
1 - 68% - 60% - 3:00
2 - 32% - 40% - 1:25
PK Defense
1 - 69% - 60% - 3:04
2 - 31% - 40% - 1:21
PK3 Forward
1 - 0% - 60%
2 - 0% - 40%
PK3 Defense
1 - 0% - 60%
2 - 0% - 40%
44 Forward
1 - 0% - 60%
2 - 0% - 40%
44 Defense
1 - 0% - 60%
2 - 0% - 40%
Last Minute Offensive - 0:33
Last Minute Defensive - 0:00
Total
Forward - 60:00
Defense - 60:00
|
Play by Play
1st period
0:01 of 1st period - Riley Sheahan wins face-off versus Brian Flynn in neutral zone.
0:26 of 1st period - Cameron Gaunce is hit by Jesse Joensuu and loses puck.
0:33 of 1st period - Snap shot by Jesse Joensuu.
0:33 of 1st period - Stopped by Peter Mannino without a rebound.
0:34 of 1st period - Mathieu Perreault wins face-off versus Andreas Athanasiou in Mustangs zone.
0:46 of 1st period - Snap shot by Joshua Leivo.
0:46 of 1st period - Stopped by Jhonas Enroth with a rebound.
1:18 of 1st period - Alexei Marchenko is hit by Yannick Weber.
1:58 of 1st period - Wrist shot by Eric Wellwood.
1:58 of 1st period - Shot Misses the Net.
2:16 of 1st period - Wrist shot by Andrew Shaw.
2:16 of 1st period - Deflect By Marcus Foligno.
2:16 of 1st period - Shot Misses the Net.
2:16 of 1st period - Puck is out of play.
2:17 of 1st period - Jim O'Brien wins face-off versus Brian Flynn in Little Stars zone.
2:18 of 1st period - Wrist shot by Marcus Foligno.
2:18 of 1st period - Stopped by Jhonas Enroth with a rebound.
2:44 of 1st period - Phil Oreskovic is hit by Josh Jooris and loses puck.
3:05 of 1st period - Wrist shot by Robert Klinkhammer.
3:05 of 1st period - Stopped by Peter Mannino without a rebound.
3:06 of 1st period - Joshua Leivo wins face-off versus Brian Flynn in Mustangs zone.
3:08 of 1st period - Minor Penalty to Cameron Gaunce for Holding.
3:09 of 1st period - Riley Sheahan wins face-off versus Brian Flynn in Mustangs zone.
5:08 of 1st period - Penalty to Cameron Gaunce is over, Cameron Gaunce is back on ice.
5:20 of 1st period - Snap shot by Francis Paré.
5:20 of 1st period - Stopped by Jhonas Enroth with a rebound.
5:22 of 1st period - Slapshot by Cameron Gaunce.
5:22 of 1st period - Stopped by Jhonas Enroth with a rebound.
5:24 of 1st period - Slapshot by Cameron Gaunce.
5:24 of 1st period - Shot Misses the Net.
5:34 of 1st period - Snap shot by Cameron Gaunce.
5:34 of 1st period - Stopped by Jhonas Enroth without a rebound.
5:35 of 1st period - Andreas Athanasiou wins face-off versus Mathieu Perreault in Little Stars zone.
5:35 of 1st period - Andreas Athanasiou is hit by Scott Harrington.
5:37 of 1st period - Snap shot by Denis Bodrov.
5:37 of 1st period - Stopped by Jhonas Enroth with a rebound.
5:47 of 1st period - Slapshot by Jesper Fast.
5:47 of 1st period - Shot Blocked by Denis Bodrov.
6:01 of 1st period - Robert Klinkhammer is hit by Denis Bodrov and loses puck.
6:28 of 1st period - Slapshot by Hugh Jessiman.
6:28 of 1st period - Stopped by Peter Mannino with a rebound.
6:30 of 1st period - Slapshot by Jesse Joensuu.
6:30 of 1st period - Shot Misses the Net.
6:32 of 1st period - Wrist shot by Hugh Jessiman.
6:32 of 1st period - Stopped by Peter Mannino without a rebound.
6:33 of 1st period - Mathieu Perreault wins face-off versus Josh Jooris in Mustangs zone.
6:58 of 1st period - Snap shot by Jerome Samson.
6:58 of 1st period - Shot Misses the Net.
7:00 of 1st period - Slapshot by Denis Bodrov.
7:00 of 1st period - Deflect By Andreas Athanasiou.
7:00 of 1st period - Stopped by Jhonas Enroth without a rebound.
7:01 of 1st period - Brian Flynn wins face-off versus Andreas Athanasiou in Little Stars zone.
7:04 of 1st period - Slapshot by Cameron Gaunce.
7:04 of 1st period - Stopped by Jhonas Enroth without a rebound.
7:05 of 1st period - Andreas Athanasiou wins face-off versus Brian Flynn in Little Stars zone.
7:53 of 1st period - Slapshot by Joshua Leivo.
7:53 of 1st period - Stopped by Jhonas Enroth with a rebound.
8:02 of 1st period - Minor Penalty to Joshua Leivo for Hooking.
8:03 of 1st period - Dana Tyrell wins face-off versus Riley Sheahan in Mustangs zone.
8:03 of 1st period - Snap shot by Jesse Joensuu.
8:03 of 1st period - Shot Misses the Net.
8:13 of 1st period - Snap shot by Dana Tyrell.
8:13 of 1st period - Deflect By Hugh Jessiman.
8:13 of 1st period - Stopped by Peter Mannino with a rebound.
8:15 of 1st period - Slapshot by Hugh Jessiman.
8:15 of 1st period - Shot Blocked by Riley Sheahan.
8:17 of 1st period - Snap shot by Hugh Jessiman.
8:17 of 1st period - Stopped by Peter Mannino without a rebound.
8:18 of 1st period - Dana Tyrell wins face-off versus Riley Sheahan in Mustangs zone.
9:39 of 1st period - Phil Oreskovic is hit by Eric Wellwood and loses puck.
10:02 of 1st period - Penalty to Joshua Leivo is over, Joshua Leivo is back on ice.
10:07 of 1st period - Andreas Athanasiou is hit by Jesper Fast and loses puck.
10:14 of 1st period - Snap shot by Nail Yakupov.
10:14 of 1st period - Shot Misses the Net.
10:32 of 1st period - Snap shot by Rick Schofield.
10:32 of 1st period - Shot Misses the Net.
10:34 of 1st period - Slapshot by Derek Joslin.
10:34 of 1st period - Stopped by Jhonas Enroth with a rebound.
11:37 of 1st period - Wrist shot by Dana Tyrell.
11:37 of 1st period - Stopped by Peter Mannino with a rebound.
11:51 of 1st period - Snap shot by Jim O'Brien.
11:51 of 1st period - Shot Misses the Net.
11:53 of 1st period - Slapshot by Cameron Gaunce.
11:53 of 1st period - Shot Misses the Net.
11:55 of 1st period - Snap shot by Andreas Athanasiou.
11:55 of 1st period - Shot Blocked by Brian Flynn.
12:53 of 1st period - Phil Oreskovic is hit by Rick Schofield and loses puck.
12:58 of 1st period - Backhand shot by Rick Schofield.
12:58 of 1st period - Stopped by Jhonas Enroth with a rebound.
13:49 of 1st period - Snap shot by Mathieu Perreault.
13:49 of 1st period - Stopped by Peter Mannino with a rebound.
13:51 of 1st period - Snap shot by Yannick Weber.
13:51 of 1st period - Stopped by Peter Mannino with a rebound.
13:53 of 1st period - Snap shot by Jesper Fast.
13:53 of 1st period - Shot Misses the Net.
14:22 of 1st period - Cameron Gaunce is hit by Daniel O'regan.
14:55 of 1st period - Denis Bodrov is hit by Niklas Hjalmarsson and loses puck.
15:00 of 1st period - Slapshot by Jesper Fast.
15:00 of 1st period - Deflect By Alexander Vasyunov.
15:00 of 1st period - Shot Blocked by Denis Bodrov.
15:00 of 1st period - Puck is out of play.
15:01 of 1st period - Dana Tyrell wins face-off versus Riley Sheahan in Mustangs zone.
15:12 of 1st period - Snap shot by Dana Tyrell.
15:12 of 1st period - Stopped by Peter Mannino without a rebound.
15:13 of 1st period - Riley Sheahan wins face-off versus Dana Tyrell in Mustangs zone.
15:20 of 1st period - Slapshot by Eric Wellwood.
15:20 of 1st period - Stopped by Jhonas Enroth with a rebound.
15:34 of 1st period - Minor Penalty to Jesse Joensuu for Hooking.
15:35 of 1st period - Riley Sheahan wins face-off versus Alex Chiasson in Little Stars zone.
15:56 of 1st period - Niklas Hjalmarsson is hit by Josh Jooris and loses puck.
16:17 of 1st period - Slapshot by Marcus Foligno.
16:17 of 1st period - Shot Misses the Net.
16:57 of 1st period - Slapshot by Yannick Weber.
16:57 of 1st period - Shot Misses the Net.
17:34 of 1st period - Penalty to Jesse Joensuu is over, Jesse Joensuu is back on ice.
17:41 of 1st period - Jesse Joensuu is hit by Derek Joslin.
18:05 of 1st period - Derek Joslin is hit by Phil Oreskovic and loses puck.
19:24 of 1st period - Wrist shot by Joshua Leivo.
19:24 of 1st period - Stopped by Jhonas Enroth with a rebound.
19:52 of 1st period - Snap shot by Jesse Joensuu.
19:52 of 1st period - Shot Blocked by Cameron Gaunce.
Goals for this period are 0 for Little Stars vs 0 for Mustangs.
Shots for this period are 10 for Little Stars vs 13 for Mustangs.
2nd period
0:01 of 2nd period - Josh Jooris wins face-off versus Brian Flynn in neutral zone.
0:06 of 2nd period - Wrist shot by Riley Sheahan.
0:06 of 2nd period - Goal by Riley Sheahan - Little Stars : 0 - Mustangs : 1.
0:07 of 2nd period - Brian Flynn wins face-off versus Josh Jooris in neutral zone.
0:10 of 2nd period - Snap shot by Niklas Hjalmarsson.
0:10 of 2nd period - Shot Blocked by Cameron Gaunce.
0:10 of 2nd period - Cameron Gaunce from Mustangs is injured at 0:10 of 2nd period (Fractured Orbital Bone).
0:11 of 2nd period - Brian Flynn wins face-off versus Riley Sheahan in Mustangs zone.
0:18 of 2nd period - Josh Jooris is hit by Phil Oreskovic and loses puck.
0:25 of 2nd period - Alex Chiasson is hit by Denis Bodrov and loses puck.
0:41 of 2nd period - Minor Penalty to Jesse Joensuu for Hooking.
0:42 of 2nd period - Eric Wellwood wins face-off versus Alex Chiasson in Little Stars zone.
0:58 of 2nd period - Snap shot by Josh Jooris.
0:58 of 2nd period - Deflect By Eric Wellwood.
0:58 of 2nd period - Stopped by Jhonas Enroth with a rebound.
1:08 of 2nd period - Alex Chiasson is hit by Denis Bodrov and loses puck.
1:52 of 2nd period - Snap shot by Denis Bodrov.
1:52 of 2nd period - Stopped by Jhonas Enroth with a rebound.
1:54 of 2nd period - Slapshot by Denis Bodrov.
1:54 of 2nd period - Shot Misses the Net.
1:56 of 2nd period - Slapshot by Denis Bodrov.
1:56 of 2nd period - Shot Blocked by Yannick Weber.
1:58 of 2nd period - Snap shot by Eric Wellwood.
1:58 of 2nd period - Stopped by Jhonas Enroth with a rebound.
2:00 of 2nd period - Snap shot by Riley Sheahan.
2:00 of 2nd period - Stopped by Jhonas Enroth with a rebound.
2:02 of 2nd period - Snap shot by Eric Wellwood.
2:02 of 2nd period - Stopped by Jhonas Enroth with a rebound.
2:04 of 2nd period - Snap shot by Derek Joslin.
2:04 of 2nd period - Stopped by Jhonas Enroth without a rebound.
2:05 of 2nd period - Alex Chiasson wins face-off versus Marcus Foligno in Little Stars zone.
2:41 of 2nd period - Penalty to Jesse Joensuu is over, Jesse Joensuu is back on ice.
2:58 of 2nd period - Slapshot by Mathieu Perreault.
2:58 of 2nd period - Stopped by Peter Mannino with a rebound.
3:00 of 2nd period - Wrist shot by Mathieu Perreault.
3:00 of 2nd period - Shot Misses the Net.
3:46 of 2nd period - Phil Oreskovic is hit by Riley Sheahan and loses puck.
3:57 of 2nd period - Nail Yakupov is hit by Scott Mayfield and loses puck.
4:26 of 2nd period - Jerome Samson is hit by Jesper Fast and loses puck.
4:39 of 2nd period - Slapshot by Jim O'Brien.
4:39 of 2nd period - Goal by Jim O'Brien - Little Stars : 0 - Mustangs : 2.
4:40 of 2nd period - Brian Flynn wins face-off versus Josh Jooris in neutral zone.
4:53 of 2nd period - Slapshot by Brian Flynn.
4:53 of 2nd period - Deflect By Shawn Matthias.
4:53 of 2nd period - Stopped by Peter Mannino without a rebound.
4:54 of 2nd period - Brian Flynn wins face-off versus Jim O'Brien in Mustangs zone.
4:57 of 2nd period - Snap shot by Alex Chiasson.
4:57 of 2nd period - Shot Misses the Net.
4:59 of 2nd period - Slapshot by Phil Oreskovic.
4:59 of 2nd period - Stopped by Peter Mannino without a rebound.
5:00 of 2nd period - Brian Flynn wins face-off versus Jim O'Brien in Mustangs zone.
5:30 of 2nd period - Snap shot by Dana Tyrell.
5:30 of 2nd period - Shot Misses the Net.
5:36 of 2nd period - Snap shot by Derek Joslin.
5:36 of 2nd period - Deflect By Eric Wellwood.
5:36 of 2nd period - Shot Blocked by Dana Tyrell.
5:36 of 2nd period - Puck is out of play.
5:37 of 2nd period - Brian Flynn wins face-off versus Jim O'Brien in Little Stars zone.
5:48 of 2nd period - Snap shot by Shawn Matthias.
5:48 of 2nd period - Deflect By Alex Chiasson.
5:48 of 2nd period - Goal by Alex Chiasson - Little Stars : 1 - Mustangs : 2.
5:49 of 2nd period - Riley Sheahan wins face-off versus Brian Flynn in neutral zone.
5:58 of 2nd period - Snap shot by Riley Sheahan.
5:58 of 2nd period - Stopped by Jhonas Enroth with a rebound.
6:00 of 2nd period - Snap shot by Denis Bodrov.
6:00 of 2nd period - Deflect By Riley Sheahan.
6:00 of 2nd period - Stopped by Jhonas Enroth without a rebound.
6:01 of 2nd period - Brian Flynn wins face-off versus Riley Sheahan in Little Stars zone.
6:08 of 2nd period - Wrist shot by Riley Sheahan.
6:08 of 2nd period - Shot Misses the Net.
6:14 of 2nd period - Josh Jooris is hit by Alex Chiasson and loses puck.
6:34 of 2nd period - Marcus Foligno is hit by Yannick Weber and loses puck.
6:47 of 2nd period - Slapshot by Yannick Weber.
6:47 of 2nd period - Stopped by Peter Mannino with a rebound.
7:21 of 2nd period - Snap shot by Francis Paré.
7:21 of 2nd period - Shot Blocked by Yannick Weber.
7:42 of 2nd period - Minor Penalty to Scott Mayfield for Hooking.
7:43 of 2nd period - Riley Sheahan wins face-off versus Brian Flynn in Mustangs zone.
7:43 of 2nd period - Riley Sheahan is hit by Niklas Hjalmarsson.
7:53 of 2nd period - Off-side.
7:54 of 2nd period - Brian Flynn wins face-off versus Riley Sheahan in neutral zone.
8:07 of 2nd period - Slapshot by Shawn Matthias.
8:07 of 2nd period - Stopped by Peter Mannino with a rebound.
8:09 of 2nd period - Slapshot by Phil Oreskovic.
8:09 of 2nd period - Goal by Phil Oreskovic - Little Stars : 2 - Mustangs : 2.
8:10 of 2nd period - Brian Flynn wins face-off versus Riley Sheahan in neutral zone.
8:10 of 2nd period - Brian Flynn is hit by Riley Sheahan.
8:40 of 2nd period - Wrist shot by Marcus Foligno.
8:40 of 2nd period - Shot Misses the Net.
9:09 of 2nd period - Slapshot by Denis Bodrov.
9:09 of 2nd period - Stopped by Jhonas Enroth without a rebound.
9:10 of 2nd period - Brian Flynn wins face-off versus Riley Sheahan in Little Stars zone.
9:10 of 2nd period - Brian Flynn is hit by Josh Jooris.
9:13 of 2nd period - Double Minor Penalty to Andrej Sustr for Roughing.
9:14 of 2nd period - Riley Sheahan wins face-off versus Alex Chiasson in Little Stars zone.
9:21 of 2nd period - Slapshot by Shawn Matthias.
9:21 of 2nd period - Shot Misses the Net.
9:23 of 2nd period - Snap shot by Shawn Matthias.
9:23 of 2nd period - Stopped by Peter Mannino without a rebound.
9:24 of 2nd period - Riley Sheahan wins face-off versus Shawn Matthias in Mustangs zone.
9:41 of 2nd period - Wrist shot by Eric Wellwood.
9:41 of 2nd period - Goal by Eric Wellwood - Little Stars : 2 - Mustangs : 3.
9:42 of 2nd period - Riley Sheahan wins face-off versus Alex Chiasson in neutral zone.
9:45 of 2nd period - Niklas Hjalmarsson is hit by Josh Jooris.
10:15 of 2nd period - Snap shot by Brian Flynn.
10:15 of 2nd period - Stopped by Peter Mannino with a rebound.
10:23 of 2nd period - Snap shot by Brian Flynn.
10:23 of 2nd period - Shot Blocked by Andrew Shaw.
11:07 of 2nd period - Marcus Foligno is hit by Hugh Jessiman and loses puck.
11:41 of 2nd period - Penalty to Andrej Sustr is over, Andrej Sustr is back on ice.
11:47 of 2nd period - Alex Chiasson is hit by Rick Schofield and loses puck.
11:56 of 2nd period - Snap shot by Rick Schofield.
11:56 of 2nd period - Shot Misses the Net.
11:58 of 2nd period - Wrist shot by Mark Pysyk.
11:58 of 2nd period - Stopped by Jhonas Enroth with a rebound.
12:00 of 2nd period - Snap shot by Francis Paré.
12:00 of 2nd period - Stopped by Jhonas Enroth with a rebound.
12:38 of 2nd period - Minor Penalty to Mathieu Perreault for Holding.
12:39 of 2nd period - Jim O'Brien wins face-off versus Hugh Jessiman in Little Stars zone.
14:12 of 2nd period - Jim O'Brien is hit by Alexander Vasyunov and loses puck.
14:38 of 2nd period - Penalty to Mathieu Perreault is over, Mathieu Perreault is back on ice.
14:45 of 2nd period - Snap shot by Joshua Leivo.
14:45 of 2nd period - Shot Blocked by Scott Harrington.
14:47 of 2nd period - Snap shot by Jerome Samson.
14:47 of 2nd period - Shot Misses the Net.
14:49 of 2nd period - Slapshot by Andreas Athanasiou.
14:49 of 2nd period - Stopped by Jhonas Enroth without a rebound.
14:50 of 2nd period - Mathieu Perreault wins face-off versus Andreas Athanasiou in Little Stars zone.
15:03 of 2nd period - Snap shot by Joshua Leivo.
15:03 of 2nd period - Stopped by Jhonas Enroth with a rebound.
15:05 of 2nd period - Slapshot by Mark Pysyk.
15:05 of 2nd period - Stopped by Jhonas Enroth without a rebound.
15:06 of 2nd period - Jim O'Brien wins face-off versus Brian Flynn in Little Stars zone.
15:17 of 2nd period - Slapshot by Marcus Foligno.
15:17 of 2nd period - Shot Blocked by Andrej Sustr.
15:19 of 2nd period - Slapshot by Derek Joslin.
15:19 of 2nd period - Shot Blocked by Yannick Weber.
15:31 of 2nd period - Wrist shot by Niklas Hjalmarsson.
15:31 of 2nd period - Shot Blocked by Mark Pysyk.
15:33 of 2nd period - Snap shot by Phil Oreskovic.
15:33 of 2nd period - Stopped by Peter Mannino with a rebound.
15:37 of 2nd period - Snap shot by Alexander Vasyunov.
15:37 of 2nd period - Stopped by Peter Mannino without a rebound.
15:38 of 2nd period - Mathieu Perreault wins face-off versus Eric Wellwood in Mustangs zone.
16:05 of 2nd period - Phil Oreskovic is hit by Joshua Leivo and loses puck.
16:13 of 2nd period - Backhand shot by Mathieu Perreault.
16:13 of 2nd period - Stopped by Peter Mannino with a rebound.
16:15 of 2nd period - Snap shot by Jesper Fast.
16:15 of 2nd period - Shot Blocked by Alexei Marchenko.
16:17 of 2nd period - Snap shot by Yannick Weber.
16:17 of 2nd period - Deflect By Alexander Vasyunov.
16:17 of 2nd period - Stopped by Peter Mannino without a rebound.
16:18 of 2nd period - Riley Sheahan wins face-off versus Brian Flynn in Mustangs zone.
16:48 of 2nd period - Slapshot by Jim O'Brien.
16:48 of 2nd period - Stopped by Jhonas Enroth without a rebound.
16:49 of 2nd period - Dana Tyrell wins face-off versus Jim O'Brien in Little Stars zone.
16:51 of 2nd period - Minor Penalty to Niklas Hjalmarsson for Hooking.
16:52 of 2nd period - Riley Sheahan wins face-off versus Alex Chiasson in Little Stars zone.
17:38 of 2nd period - Derek Joslin is hit by Alex Chiasson and loses puck.
18:51 of 2nd period - Penalty to Niklas Hjalmarsson is over, Niklas Hjalmarsson is back on ice.
18:57 of 2nd period - Scott Mayfield is hit by Andrej Sustr.
19:01 of 2nd period - Wrist shot by Mathieu Perreault.
19:01 of 2nd period - Shot Misses the Net.
19:03 of 2nd period - Slapshot by Andrej Sustr.
19:03 of 2nd period - Stopped by Peter Mannino with a rebound.
19:05 of 2nd period - Slapshot by Andrej Sustr.
19:05 of 2nd period - Stopped by Peter Mannino without a rebound.
19:06 of 2nd period - Dana Tyrell wins face-off versus Rick Schofield in Mustangs zone.
19:19 of 2nd period - Jesse Joensuu is hit by Francis Paré and loses puck.
Goals for this period are 2 for Little Stars vs 3 for Mustangs.
Shots for this period are 15 for Little Stars vs 18 for Mustangs.
3rd period
0:01 of 3rd period - Riley Sheahan wins face-off versus Brian Flynn in neutral zone.
0:13 of 3rd period - Off-side.
0:14 of 3rd period - Brian Flynn wins face-off versus Riley Sheahan in neutral zone.
0:39 of 3rd period - Niklas Hjalmarsson is hit by Jerome Samson.
0:45 of 3rd period - Snap shot by Alexei Marchenko.
0:45 of 3rd period - Stopped by Jhonas Enroth with a rebound.
1:06 of 3rd period - Snap shot by Jerome Samson.
1:06 of 3rd period - Stopped by Jhonas Enroth with a rebound.
1:12 of 3rd period - Andreas Athanasiou is hit by Shawn Matthias and loses puck.
1:19 of 3rd period - Wrist shot by Alex Chiasson.
1:19 of 3rd period - Goal by Alex Chiasson - Little Stars : 3 - Mustangs : 3.
1:20 of 3rd period - Dana Tyrell wins face-off versus Riley Sheahan in neutral zone.
1:23 of 3rd period - Riley Sheahan is hit by Dana Tyrell and loses puck.
1:49 of 3rd period - Off-side.
1:50 of 3rd period - Mathieu Perreault wins face-off versus Jim O'Brien in neutral zone.
1:55 of 3rd period - Snap shot by Jesper Fast.
1:55 of 3rd period - Shot Misses the Net.
1:57 of 3rd period - Slapshot by Niklas Hjalmarsson.
1:57 of 3rd period - Goal by Niklas Hjalmarsson - Little Stars : 4 - Mustangs : 3.
1:58 of 3rd period - Riley Sheahan wins face-off versus Brian Flynn in neutral zone.
2:03 of 3rd period - Slapshot by Denis Bodrov.
2:03 of 3rd period - Stopped by Jhonas Enroth with a rebound.
2:11 of 3rd period - Snap shot by Eric Wellwood.
2:11 of 3rd period - Stopped by Jhonas Enroth with a rebound.
3:13 of 3rd period - Slapshot by Andrej Sustr.
3:13 of 3rd period - Shot Misses the Net.
3:54 of 3rd period - Snap shot by Jesse Joensuu.
3:54 of 3rd period - Shot Misses the Net.
3:57 of 3rd period - Icing by Alexei Marchenko.
3:58 of 3rd period - Dana Tyrell wins face-off versus Andreas Athanasiou in Mustangs zone.
4:24 of 3rd period - Snap shot by Eric Wellwood.
4:24 of 3rd period - Shot Misses the Net.
4:32 of 3rd period - Snap shot by Riley Sheahan.
4:32 of 3rd period - Stopped by Jhonas Enroth without a rebound.
4:33 of 3rd period - Riley Sheahan wins face-off versus Brian Flynn in Little Stars zone.
5:06 of 3rd period - Snap shot by Marcus Foligno.
5:06 of 3rd period - Shot Misses the Net.
5:08 of 3rd period - Slapshot by Derek Joslin.
5:08 of 3rd period - Stopped by Jhonas Enroth without a rebound.
5:09 of 3rd period - Dana Tyrell wins face-off versus Jim O'Brien in Little Stars zone.
5:09 of 3rd period - Dana Tyrell is hit by Mark Pysyk.
5:14 of 3rd period - Off-side.
5:15 of 3rd period - Dana Tyrell wins face-off versus Jim O'Brien in neutral zone.
5:51 of 3rd period - Snap shot by Brian Flynn.
5:51 of 3rd period - Stopped by Peter Mannino without a rebound.
5:52 of 3rd period - Jim O'Brien wins face-off versus Dana Tyrell in Mustangs zone.
6:45 of 3rd period - Wrist shot by Mathieu Perreault.
6:45 of 3rd period - Stopped by Peter Mannino without a rebound.
6:46 of 3rd period - Mathieu Perreault wins face-off versus Andreas Athanasiou in Mustangs zone.
7:09 of 3rd period - Snap shot by Hugh Jessiman.
7:09 of 3rd period - Shot Misses the Net.
7:19 of 3rd period - Snap shot by Hugh Jessiman.
7:19 of 3rd period - Shot Misses the Net.
7:48 of 3rd period - Slapshot by Joshua Leivo.
7:48 of 3rd period - Shot Misses the Net.
7:54 of 3rd period - Slapshot by Yannick Weber.
7:54 of 3rd period - Shot Misses the Net.
7:56 of 3rd period - Slapshot by Andrej Sustr.
7:56 of 3rd period - Deflect By Alex Chiasson.
7:56 of 3rd period - Stopped by Peter Mannino with a rebound.
8:14 of 3rd period - Wrist shot by Mathieu Perreault.
8:14 of 3rd period - Shot Blocked by Mark Pysyk.
8:30 of 3rd period - Denis Bodrov is hit by Jesse Joensuu and loses puck.
8:41 of 3rd period - Slapshot by Andrew Shaw.
8:41 of 3rd period - Shot Blocked by Hugh Jessiman.
8:43 of 3rd period - Wrist shot by Andrew Shaw.
8:43 of 3rd period - Goal by Andrew Shaw - Little Stars : 4 - Mustangs : 4.
8:44 of 3rd period - Brian Flynn wins face-off versus Riley Sheahan in neutral zone.
8:47 of 3rd period - Wrist shot by Alex Chiasson.
8:47 of 3rd period - Stopped by Peter Mannino with a rebound.
8:57 of 3rd period - Snap shot by Shawn Matthias.
8:57 of 3rd period - Stopped by Peter Mannino without a rebound.
8:58 of 3rd period - Riley Sheahan wins face-off versus Brian Flynn in Mustangs zone.
9:25 of 3rd period - Wrist shot by Mathieu Perreault.
9:25 of 3rd period - Stopped by Peter Mannino with a rebound.
9:27 of 3rd period - Wrist shot by Mathieu Perreault.
9:27 of 3rd period - Shot Blocked by Derek Joslin.
9:29 of 3rd period - Snap shot by Yannick Weber.
9:29 of 3rd period - Shot Misses the Net.
9:54 of 3rd period - Snap shot by Jesse Joensuu.
9:54 of 3rd period - Shot Blocked by Eric Wellwood.
10:13 of 3rd period - Robert Klinkhammer is hit by Marcus Foligno and loses puck.
10:22 of 3rd period - Nail Yakupov is hit by Scott Mayfield.
10:29 of 3rd period - Icing by Nail Yakupov.
10:30 of 3rd period - Brian Flynn wins face-off versus Andreas Athanasiou in Little Stars zone.
10:35 of 3rd period - Jerome Samson is hit by Alex Chiasson and loses puck.
10:56 of 3rd period - Jesse Joensuu is hit by Alexei Marchenko and loses puck.
11:07 of 3rd period - Snap shot by Andrew Shaw.
11:07 of 3rd period - Stopped by Jhonas Enroth without a rebound.
11:08 of 3rd period - Rick Schofield wins face-off versus Shawn Matthias in Little Stars zone.
11:38 of 3rd period - Snap shot by Andrew Shaw.
11:38 of 3rd period - Shot Hit the Post.
12:00 of 3rd period - Yannick Weber is hit by Josh Jooris and loses puck.
12:11 of 3rd period - Yannick Weber is hit by Jerome Samson and loses puck.
12:20 of 3rd period - Wrist shot by Joshua Leivo.
12:20 of 3rd period - Shot Misses the Net.
12:34 of 3rd period - Wrist shot by Alex Chiasson.
12:34 of 3rd period - Stopped by Peter Mannino with a rebound.
12:36 of 3rd period - Snap shot by Yannick Weber.
12:36 of 3rd period - Shot Misses the Net.
12:38 of 3rd period - Slapshot by Yannick Weber.
12:38 of 3rd period - Shot Misses the Net.
12:40 of 3rd period - Wrist shot by Shawn Matthias.
12:40 of 3rd period - Stopped by Peter Mannino with a rebound.
13:03 of 3rd period - Off-side.
13:04 of 3rd period - Brian Flynn wins face-off versus Riley Sheahan in neutral zone.
13:17 of 3rd period - Alexei Marchenko is hit by Niklas Hjalmarsson and loses puck.
14:12 of 3rd period - Wrist shot by Nail Yakupov.
14:12 of 3rd period - Stopped by Peter Mannino with a rebound.
14:14 of 3rd period - Snap shot by Nail Yakupov.
14:14 of 3rd period - Goal by Nail Yakupov - Little Stars : 5 - Mustangs : 4.
14:15 of 3rd period - Brian Flynn wins face-off versus Riley Sheahan in neutral zone.
14:26 of 3rd period - Snap shot by Brian Flynn.
14:26 of 3rd period - Stopped by Peter Mannino with a rebound.
14:40 of 3rd period - Hugh Jessiman is hit by Jim O'Brien and loses puck.
14:51 of 3rd period - Derek Joslin is hit by Jesse Joensuu and loses puck.
15:27 of 3rd period - Minor Penalty to Yannick Weber for Holding.
15:28 of 3rd period - Alex Chiasson wins face-off versus Riley Sheahan in Little Stars zone.
15:28 of 3rd period - Alex Chiasson is hit by Riley Sheahan.
15:41 of 3rd period - Wrist shot by Eric Wellwood.
15:41 of 3rd period - Stopped by Jhonas Enroth without a rebound.
15:42 of 3rd period - Alex Chiasson wins face-off versus Riley Sheahan in Little Stars zone.
15:51 of 3rd period - Shawn Matthias is hit by Derek Joslin and loses puck.
16:12 of 3rd period - Brian Flynn is hit by Derek Joslin and loses puck.
17:27 of 3rd period - Penalty to Yannick Weber is over, Yannick Weber is back on ice.
17:35 of 3rd period - Snap shot by Jesse Joensuu.
17:35 of 3rd period - Shot Misses the Net.
17:41 of 3rd period - Hugh Jessiman is hit by Scott Mayfield and loses puck.
17:52 of 3rd period - Denis Bodrov is hit by Tyson Barrie and loses puck.
19:10 of 3rd period - Wrist shot by Shawn Matthias.
19:10 of 3rd period - Shot Blocked by Andrew Shaw.
19:12 of 3rd period - Snap shot by Shawn Matthias.
19:12 of 3rd period - Stopped by Peter Mannino with a rebound.
19:14 of 3rd period - Snap shot by Alex Chiasson.
19:14 of 3rd period - Shot Misses the Net.
19:16 of 3rd period - Snap shot by Shawn Matthias.
19:16 of 3rd period - Shot Blocked by Jim O'Brien.
19:18 of 3rd period - Snap shot by Phil Oreskovic.
19:18 of 3rd period - Stopped by Peter Mannino with a rebound.
19:26 of 3rd period - Snap shot by Shawn Matthias.
19:26 of 3rd period - Stopped by Peter Mannino without a rebound.
19:27 of 3rd period - Peter DeBoer call a timeout for Mustangs.
19:27 of 3rd period - Josh Jooris wins face-off versus Brian Flynn in Mustangs zone.
19:34 of 3rd period - Mustangs, Peter Mannino is pulled from the net.
Goals for this period are 3 for Little Stars vs 1 for Mustangs.
Shots for this period are 16 for Little Stars vs 9 for Mustangs.
Back to the Top